 Dungeon Crawl Stone Soup version 0.29-a0-40-g8eb35efe60 (webtiles) character file.

Game seed: 14028600440124518923

28 wilfster70 the Sneak (level 3, -1/23 HPs)
             Began as a Kobold Delver on Feb 1, 2022.
             Slain by a hound (2 damage)
             ... on level 5 of the Dungeon.
             The game lasted 00:02:31 (199 turns).

wilfster70 the Sneak (Kobold Delver)                 Turns: 199, Time: 00:02:32

Health: -1/23      AC:  3    Str:  9    XL:     3   Next: 30%
Magic:  3/3        EV: 14    Int: 13    God:
Gold:   0          SH:  0    Dex: 16    Spells: 2/2 levels left

rFire   . . .      SeeInvis .   b - +0 dagger
rCold   . . .      Faith    .   (no shield)
rNeg    . . .      Spirit   .   k - +0 leather armour
rPois   .          Reflect  .   (no helmet)
rElec   .          Harm     .   (no cloak)
rCorr   .          Rampage  .   (no gloves)
Will    .....                   (no boots)
Stlth   ++++......              (no amulet)
HPRegen 0.07/turn               (no ring)
MPRegen 0.08/turn               (no ring)

@: no status effects
A: small, no large weapons, nightstalker 3
a: no special abilities


You were on level 5 of the Dungeon.
You visited 1 branch of the dungeon, and saw 1 of its levels.

Inventory:

Hand Weapons
 a - a +0 short sword
 b - a +0 dagger (weapon)
 h - a +0 hunting sling
Armour
 k - a +0 leather armour (worn)
Wands
 g - a wand of digging (3)
Scrolls
 c - a scroll of fog
 d - a scroll of magic mapping
 e - a scroll of fear
Potions
 f - a potion of haste


   Skills:
 - Level 3.2 Fighting
 + Level 4.7 Short Blades
 - Level 2.4 Dodging
 - Level 6.6 Stealth


You had 2 spell levels left.
You didn't know any spells.
Your spell library contained the following spells:

 Spells                   Type           Power      Damage    Failure   Level
 Corpse Rot               Necr/Air       0%         N/A       54%         2
 Poisonous Vapours        Pois/Air       0%         N/A       54%         2


Dungeon Overview and Level Annotations

Branches:
Dungeon (5/15)
 Temple: D:4-7

Altars:

Annotations:
D:5 Menkaure


Innate Abilities, Weirdness & Mutations

You are small and have problems with some larger weapons.
You are completely attuned to the shadows.


Message History

You hit the hound but do no damage.
The hound is lightly wounded.
The hound misses you.
You closely miss the hound.
The hound is lightly wounded.
The hound completely misses you.
You barely miss the hound.
The hound is lightly wounded.
The hound barely misses you.
You hit the hound but do no damage.
The hound is lightly wounded.
The hound barely misses you.
You hit the hound.
The hound is moderately wounded.
The hound misses you.
You barely miss the hound.
The hound is moderately wounded.
The hound bites you.
* * * LOW HITPOINT WARNING * * *
The hound misses you.
You hit the hound.
The hound is moderately wounded.
The hound bites you but does no damage.
You closely miss the hound.
The hound is moderately wounded.
The hound bites you.
* * * LOW HITPOINT WARNING * * *
You barely miss the hound.
The hound is moderately wounded.
The hound barely misses you.
You hit the hound but do no damage.
The hound is moderately wounded.
The hound barely misses you.
You barely miss the hound.
The hound is lightly wounded.
The hound closely misses you.
You hit the hound.
The hound is moderately wounded.
The hound bites you.
You die...

#?$# #/$# .### ##. .
#.. # ###. #.# .#
..# ##.##.# #.#
......# .....#@#
#...### #...##h#
#...# #..###l#
#...#######.....Z#
......>.#.......##
..........##.##.....
....(...#........###
.....####.##...$##
#....# #.###.#.#


You could see an iguana, a hound and a centaur zombie.

Vanquished Creatures
  An iguana (D:5)
  A quokka (D:5)
2 creatures vanquished.

Notes
Turn   | Place    | Note
-------+----------+-------------------------------------------
     0 | D:5      | wilfster70 the Kobold Delver began the quest for the Orb.
     0 | D:5      | Reached XP level 1. HP: 14/14 MP: 1/1
    66 | D:5      | Noticed Menkaure
   121 | D:5      | Noticed an iguana
   124 | D:5      | Killed an iguana
   125 | D:5      | Reached XP level 2. HP: 19/19 MP: 2/2
   125 | D:5      | Reached XP level 3. HP: 23/23 MP: 3/3
   143 | D:5      | Noticed a black bear
   195 | D:5      | HP: 1/23 [hound (1)]
   199 | D:5      | Slain by a hound

Illustrated notes

Levels and vault maps discovered:
D:5:      minmay_chambers_of_fours, layout_loops_cross,
          mainiacjoe_overflow_paths, nicolae_shop_sticking_my_neck_out,
          uniq_menkaure

Skill      XL: |  1 |
---------------+----+-----
Short Blades   | 4 |  4.7
Fighting       | |  3.2
Dodging        | |  2.4
Stealth        | |  6.6

Action                   || total
-------------------------++-------
Melee: Short sword       ||     2
       Dagger            ||    22
  Use: Scroll            ||     2
 Stab: Sleeping          ||     2
Armor: Leather armour    ||     5
Dodge: Dodged            ||    13

Table legend: (Time is in decaauts)
 A = Elapsed time spent in this place.
 B = Non-inter-level travel time spent in this place.
 C = Inter-level travel time spent in this place.
 D = Time resting spent in this place.
 E = Time spent auto-exploring this place.
 F = Levels seen in this place.
 G = Mean time per level.
                   A        B        C        D        E       F      G
               +--------+--------+--------+--------+--------+-----+--------+
         Total |    193 |    193 |      0 |      0 |      0 |   1 |  193.0 |
       Dungeon |    193 |    193 |      0 |      0 |      0 |   1 |  193.0 |
               +--------+--------+--------+--------+--------+-----+--------+

Top non-repeatable levels by time:
     D:5: 193 daAuts
